 Dungeon Crawl Stone Soup version 0.24-a0-263-gbee43f9 (webtiles) character file.

Game seed: 2323019454455688518

20076 KristoblXynda the Covert (level 12, -13/53 HPs)
             Began as a Spriggan Enchanter on Apr 19, 2019.
             Was a Priest of Ashenzari.
             Mangled by a sun demon (14 damage)
             ... summoned by an obsidian statue
             ... on level 1 of the Lair of Beasts.
             The game lasted 00:41:47 (15571 turns).

KristoblXynda the Covert (Spriggan Enchanter)      Turns: 15571, Time: 00:41:48

Health: -13/53     AC:  8    Str:  5    XL:     12   Next: 42%
Magic:  38/38      EV: 32    Int: 19    God:    Ashenzari [***...]
Gold:   1241       SH:  0    Dex: 23    Spells: 23/36 levels left

rFire    . . .     SeeInvis +   t - +8 dagger (curse)
rCold    . . .     Gourm    .   (shield restricted)
rNeg     . . .     Faith    .   w - +1 troll leather armour (curse)
rPois    +         Spirit   .   f - +2 hat
rElec    .         Reflect  .   D - +2 cloak {rPois} (curse)
rCorr    .         Harm     .   (gloves unavailable)
MR       ++...                  (boots unavailable)
Stlth    +++++++...             e - amulet of magic regeneration
HPRegen  0.57/turn              n - +2 ring of protection
MPRegen  0.51/turn              m - ring of magical power

@: agile, corroded, flying, very quick
A: very small, unfitting armour, see invisible, herbivore, speed 3, slow
metabolism 2
a: Curse Item, Scrying, Renounce Religion


You were on level 1 of the Lair of Beasts.
You worshipped Ashenzari.
Ashenzari was most pleased with you.
You were not hungry.

You visited 3 branches of the dungeon, and saw 14 of its levels.
You also visited: Ice Cave.

You collected 1241 gold pieces.

Inventory:

Hand Weapons
 t - a cursed +8 dagger (weapon)
Armour
 f - a +2 hat (worn)
 w - a cursed +1 troll leather armour (worn)
 D - a cursed +2 cloak of poison resistance (worn)
Jewellery
 e - an amulet of magic regeneration (around neck)
 g - an uncursed ring of protection from magic
 m - a ring of magical power (right hand)
 n - a +2 ring of protection (left hand)
Wands
 B - a wand of acid (1)
Scrolls
 b - a scroll of fog
 c - 2 scrolls of remove curse
 j - 2 scrolls of magic mapping
 s - a scroll of enchant armour
 u - a scroll of amnesia
 y - a scroll of immolation
 A - 2 scrolls of teleportation
Potions
 a - 2 potions of brilliance
 i - 2 potions of ambrosia
 k - a potion of mutation
 l - 3 potions of agility
 o - a potion of cancellation
 q - a potion of invisibility {unknown}
 r - a potion of degeneration {unknown}
 x - a potion of might {unknown}
 C - 2 potions of lignification {unknown}
Comestibles
 d - 15 rations


   Skills:
 + Level 1.5 Fighting
 - Level 8.1(11.0) Short Blades
 - Level 9.0(10.8) Dodging
 - Level 13.8(15.3) Stealth
 + Level 12.8 Spellcasting
 + Level 13.0 Hexes
 + Level 4.5 Transmutations
 - Level 5.2 Evocations


You had 23 spell levels left.
You knew the following spells:

 Your Spells              Type           Power        Failure   Level  Hunger
a - Corona                Hex            ######.      1%          1    None
b - Ensorcelled Hibernat  Hex/Ice        #####.       1%          2    None
c - Confuse               Hex            ######..     1%          3    None
d - Tukima's Dance        Hex            ######..     1%          3    None
e - Petrify               Tmut/Erth      ###.....     36%         4    #......

Your spell library contained the following spells:

 Spells                   Type           Power        Failure   Level  Hunger
 Confusing Touch          Hex            ######       1%          1    None
 Dazzling Spray           Conj/Hex       #####.       1%          3    None
 Yara's Violent Unravell  Hex/Tmut       #####.....   7%          5    ####...
 Metabolic Englaciation   Hex/Ice        #####.....   17%         5    ####...
 Gell's Gravitas          Tloc           ##........   28%         3    None


Dungeon Overview and Level Annotations

Branches:
Dungeon (12/15)            Temple (1/1) D:7            Lair (1/6) D:11
    Orc: D:9-12

Altars:
Ashenzari
Dithmenos
Elyvilon
Fedhas
Hepliaklqana
Kikubaaqudgha
Makhleb
Nemelex Xobeh
Okawaru
Qazlal
Ru
Sif Muna
Trog
Uskayaw
Vehumet
Wu Jian
Xom
Yredelemnul
Zin
The Shining One
Beogh

Shops:
D:5 ?   D:7 [   D:8 *

Annotations:
D:6 2 transporters
Lair:1 exclusion: obsidian statue


Innate Abilities, Weirdness & Mutations

You are very small and have problems with some larger weapons.
You are too small for most types of armour.
You have supernaturally acute eyesight. (SInv)
You are a herbivore.
You cover ground extremely quickly.
You need to consume almost no food.


Message History

The sun demon completely misses you. The white imp completely misses you.
The shadow imp lashes its tail.
Unknown command.
You hit the obsidian statue.
The obsidian statue is almost destroyed.
The rust devil completely misses you.
Unknown command.
You hit the obsidian statue but do no damage.
The obsidian statue is almost destroyed.
The sun demon hits you!!
You are engulfed in flames!
* * * LOW HITPOINT WARNING * * *
The white imp completely misses you. The crimson imp misses you.
The obsidian statue slips into the dungeon's darkness for a moment.
Unknown command.
You hit the obsidian statue but do no damage.
The obsidian statue is almost destroyed.
The rust devil hits you.
* * * LOW HITPOINT WARNING * * *
The rust devil corrodes you! The sun demon hits you!
You die...

*####
#######
*#.5=#
#....P#
##5.=)#
#....##
#845):#
#.....#
##@33≈≈#
#.....##
##≈55≈≈##
#......#
#≈≈≈≈≈##
#......###
##≈≈≈###
#.........
#≈≈≈##
#.........
##≈≈≈#
#.........
#≈≈≈##
#.........
#≈≈≈#
#.........
#≈≈≈##
#.........


You could see an obsidian statue, a sun demon, a rust devil, a neqoxec, an iron
imp, a quasit, a crimson imp, a white imp and a shadow imp.

Vanquished Creatures
  Snorg (D:10)
  2 ice dragons (IceCv)
  A hydra (D:11)
  3 two-headed ogres
  Urug (D:12)
  An ugly thing (D:11)
  2 black mambas (Lair:1)
  Maurice (D:10)
  2 ice statues (IceCv)
  A centaur skeleton (D:10)
  2 spiny frogs (Lair:1)
  2 rime drakes (IceCv)
  A komodo dragon (Lair:1)
  A troll (D:5)
  A slime creature (D:11)
  4 hippogriffs
  Sigmund (D:3)
  2 humans (D:8)
  4 water elementals (D:11)
  A wraith (D:11)
  A wyvern (D:12)
  6 yaks (D:10)
  Grum (D:9)
  3 wargs (D:11)
  Menkaure (D:5)
  3 water moccasins
  Duvessa (D:7)
  2 orc warriors
  A porcupine (Lair:1)
  14 ice beasts (IceCv)
  2 black bears
  5 phantoms
  3 sky beasts
  A hornet zombie (D:11)
  7 ogres
  4 wolves (D:9)
  3 centaurs
  3 crocodiles (Lair:1)
  A big kobold (D:7)
  6 bullfrogs
  Dowan (D:7)
  4 scorpions
  3 water moccasin skeletons
  5 killer bees (D:11)
  3 wights (D:10)
  5 crimson imps
  4 howler monkeys
  A centaur zombie (D:11)
  5 jellies
  7 orc priests
  5 hounds
  A bullfrog skeleton (D:6)
  11 orc wizards
  Jessica (D:2)
  4 iguanas
  Terence (D:1)
  2 worker ants
  2 hound skeletons
  3 gnolls (D:6)
  12 adders
  A shadow imp (D:12)
  12 white imps (D:12)
  5 oozes (D:11)
  An adder zombie (D:4)
  3 adder skeletons
  2 worms
  A dart slug (D:2)
  4 leopard geckos
  50 orcs
  8 bats
  5 giant cockroaches
  6 goblins
  9 hobgoblins
  5 jackals
  14 kobolds
  A quokka (D:9)
  4 ball pythons
  2 frilled lizards
  A jackal zombie (D:8)
  A leopard gecko skeleton (D:6)
  A quokka skeleton (D:4)
  A quokka zombie (D:5)
  6 rats
325 creatures vanquished.

Vanquished Creatures (collateral kills)
  3 orcs (D:9)
3 creatures vanquished.

Grand Total: 328 creatures vanquished

Notes
Turn   | Place    | Note
-------+----------+-------------------------------------------
     0 | D:1      | KristoblXynda the Spriggan Enchanter began the quest for
                  | the Orb.
     0 | D:1      | Reached XP level 1. HP: 9/9 MP: 5/5
   472 | D:1      | Reached XP level 2. HP: 4/13 MP: 7/7
   695 | D:1      | Learned a level 2 spell: Ensorcelled Hibernation
   920 | D:1      | Reached skill level 5 in Stealth
  1296 | D:2      | Noticed Terence
  1343 | D:1      | Killed Terence
  1343 | D:1      | Reached XP level 3. HP: 10/16 MP: 6/9
  1367 | D:1      | Learned a level 3 spell: Confuse
  1563 | D:2      | Reached XP level 4. HP: 16/21 MP: 3/10
  2041 | D:2      | Reached skill level 5 in Hexes
  2041 | D:2      | Reached XP level 5. HP: 19/24 MP: 4/12
  2172 | D:2      | Noticed Jessica
  2201 | D:2      | Killed Jessica
  2541 | D:3      | Noticed Sigmund
  2549 | D:3      | Killed Sigmund
  2549 | D:3      | Reached skill level 5 in Spellcasting
  2549 | D:3      | Reached XP level 6. HP: 28/28 MP: 9/14
  3913 | D:4      | Reached XP level 7. HP: 26/32 MP: 16/16
  3986 | D:4      | Found a shimmering altar of Xom.
  5350 | D:5      | Entered Level 5 of the Dungeon
  5834 | D:5      | Reached XP level 8. HP: 36/36 MP: 19/19
  6068 | D:5      | Noticed Menkaure
  6449 | D:5      | Reached skill level 10 in Stealth
  6645 | D:5      | Noticed a troll
  6661 | D:5      | Killed a troll
  6905 | D:5      | Found Pautol's Magic Scroll Emporium.
  6962 | D:5      | Killed Menkaure
  7338 | D:6      | Reached XP level 9. HP: 29/39 MP: 14/22
  7435 | D:6      | Noticed a kobold demonologist
  7436 | D:6      | Found a transporter.
  7444 | D:6      | Found a transporter.
  7476 | D:6      | Noticed a kobold demonologist
  7953 | D:6      | Noticed a two-headed ogre
  7966 | D:6      | Killed a two-headed ogre
  8238 | D:7      | Found a staircase to the Ecumenical Temple.
  8247 | Temple   | Entered the Ecumenical Temple
  8317 | Temple   | Became a worshipper of Ashenzari the Shackled
  8388 | D:7      | Reached skill level 5 in Short Blades
  8432 | D:7      | Found Fiankeob's Antique Armour Emporium.
  8693 | D:8      | Found an iron altar of Okawaru.
  8707 | D:8      | Reached skill level 10 in Hexes
  8819 | D:8      | Found Peij's Assorted Antiques.
  8877 | D:7      | Reached XP level 10. HP: 44/44 MP: 24/24
  9545 | D:7      | Found a glowing golden altar of the Shining One.
  9548 | D:7      | Noticed Duvessa
  9549 | D:7      | Noticed Dowan
  9757 | D:7      | Killed Dowan
  9799 | D:7      | Killed Duvessa
  9871 | D:7      | Reached * piety under Ashenzari
 10688 | D:9      | Reached skill level 10 in Spellcasting
 10942 | D:9      | Noticed Grum
 10983 | D:9      | Killed Grum
 11147 | D:9      | Found a roughly hewn altar of Beogh.
 11463 | D:10     | Entered Level 10 of the Dungeon
 11514 | D:10     | Reached ** piety under Ashenzari
 11629 | D:10     | Noticed Snorg
 11632 | D:10     | Killed Snorg
 11645 | D:10     | Noticed Maurice
 11648 | D:10     | Killed Maurice
 12026 | D:10     | Noticed a two-headed ogre
 12040 | D:10     | Killed a two-headed ogre
 12040 | D:10     | Reached XP level 11. HP: 47/47 MP: 23/27
 12437 | D:11     | Found a staircase to the Lair.
 12437 | D:11     | Noticed a five-headed hydra
 12473 | D:11     | Killed a five-headed hydra
 12473 | D:11     | Reached skill level 5 in Dodging
 12544 | D:11     | Reached skill level 1 in Evocations
 12756 | D:11     | Noticed a two-headed ogre
 12767 | D:11     | Killed a two-headed ogre
 12860 | D:11     | Noticed a green ugly thing
 13096 | D:11     | Killed a green ugly thing
 13433 | D:12     | Found a frozen archway.
 13453 | D:12     | Noticed Urug
 13479 | D:12     | Killed Urug
 13548 | IceCv    | Entered an ice cave
 13615 | IceCv    | Reached skill level 5 in Evocations
 13722 | IceCv    | Learned a level 3 spell: Tukima's Dance
 13727 | IceCv    | Learned a level 4 spell: Petrify
 13769 | IceCv    | Reached XP level 12. HP: 46/51 MP: 29/29
 13806 | IceCv    | Reached skill level 1 in Transmutations
 14222 | IceCv    | Noticed an ice dragon
 14222 | IceCv    | Noticed an ice dragon
 14238 | IceCv    | Killed an ice dragon
 14245 | IceCv    | Killed an ice dragon
 14793 | Lair:1   | Entered Level 1 of the Lair of Beasts
 14944 | Lair:1   | Reached *** piety under Ashenzari
 15076 | Lair:1   | Reached skill level 1 in Fighting
 15554 | Lair:1   | Identified the amulet "Tymeag" {RegenMP +Inv rElec rPois}
 15570 | Lair:1   | HP: 2/53 [sun demon[an obsidian statue] (17)]
 15571 | Lair:1   | Mangled by a sun demon

Levels and vault maps discovered:
D:1:      dpeg_arrival_shrine, layout_loops_cross,
          chequers_serial_rivers_small_a, corexii_hall_statues_s
D:2:      layout_rooms, uniq_jessica, uniq_terence
D:3:      kennysheep_big_flooded_room, layout_loops_corners, first_ration,
          uniq_sigmund
D:4:      layout_basic, xom_teletrap_fun
D:5:      layout_gridville, serial_shops, shop, kennysheep_potato, uniq_menkaure
D:6:      gammafunk_wand_slinger, layout_cave_pods
D:7:      layout_cave_pods, lemuel_round_altar, minmay_temple_entry_sparse_star,
          serial_shops, nicolae_shop_trees, uniq_duvessa
D:8:      layout_basic, okawaru_humans, serial_shops,
          nicolae_shop_overgrown_old_shop
D:9:      layout_long_grid, special_room [special_room_orc], uniq_grum
D:10:     layout_loops_corners, uniq_snorg, uniq_maurice
D:11:     layout_rooms, erik_lair_orcish_takeover,
          hangedman_little_slice_of_home, small_statue_intersection,
          nicolae_underground_beach
D:12:     layout_stronghold, erik_orc_1, portal_ice_cave_entry_imps,
          uniq_azrael, uniq_urug, uniq_frances
Temple:   regret_index_temple_chain_breaker
Lair:1:   statuecave_lemuel, layout_regular_city,
          cheibrodos_lair_caveside_slide, lemuel_fruit_tree
IceCv:    ice_cave_small_dragons

Skill      XL: |  1  2  3  4  5  6  7  8  9 10 11 12 |
---------------+-------------------------------------+-----
Spellcasting   | 3 4 5 6 8 9 11 12 | 12.8
Hexes          | 4 5 6 7 8 10 11 12 13 | 13.0
Stealth        | 5 6 7 8 9 11 12 13 | 13.8
Short Blades   | 3 5 7 8 |  8.1
Dodging        | 4 8 9 |  9.0
Evocations     | 5 |  5.2
Transmutations | 4 |  4.5
Fighting       | 1 |  1.5

Action                   |  1- 3 |  4- 6 |  7- 9 | 10-12 || total
-------------------------+-------+-------+-------+-------++-------
Melee: Dagger            |   120 |   141 |   296 |   794 ||  1351
       Short sword       |       |    79 |    71 |       ||   150
 Cast: Ensorcelled Hiber |     7 |    27 |    46 |    64 ||   144
       Confuse           |       |     1 |    18 |    44 ||    63
       Corona            |       |       |       |     1 ||     1
Invok: Curse Item        |       |       |     2 |     1 ||     3
Evoke: Wand              |       |       |     5 |     5 ||    10
  Use: Scroll            |       |     8 |    10 |    10 ||    28
       Potion            |       |       |     1 |     5 ||     6
 Stab: Sleeping          |     8 |    18 |    42 |    65 ||   133
       Confused          |       |     1 |     5 |    32 ||    38
       Distracted        |       |       |     2 |     1 ||     3
  Eat: Ration            |       |     1 |     3 |     4 ||     8
Armor: Robe              |    17 |    21 |    21 |       ||    59
       Troll leather arm |       |       |    26 |    92 ||   118
Dodge: Dodged            |   115 |   192 |   236 |   513 ||  1056

Table legend:
 A = Non-vault XP
 B = Vault XP
 C = Vault XP percentage of total XP
 D = Non-vault monster count
 E = Vault monster count
 F = Vault count percentage of total count
                 A         B        C        D         E       F
            +---------+---------+-------+---------+---------+-------
      Total |   16570 |   12110 |  42.2 |     235 |      93 |  28.4
            +---------+---------+-------+---------+---------+-------
        D:1 |      35 |      36 |  50.7 |      18 |       1 |   5.3
        D:2 |     184 |      37 |  16.7 |      26 |       1 |   3.7
        D:3 |      55 |     238 |  81.2 |      20 |       3 |  13.0
        D:4 |     683 |       0 |   0.0 |      21 |       0 |   0.0
        D:5 |     780 |     484 |  38.3 |      18 |       2 |  10.0
        D:6 |    1750 |       0 |   0.0 |      25 |       0 |   0.0
        D:7 |    1269 |     211 |  14.3 |      22 |       2 |   8.3
        D:8 |     210 |     416 |  66.5 |      11 |       2 |  15.4
        D:9 |     426 |     879 |  67.4 |       6 |      25 |  80.6
       D:10 |    3719 |    1597 |  30.0 |      24 |       2 |   7.7
       D:11 |    4165 |    1936 |  31.7 |      28 |      22 |  44.0
       D:12 |     504 |     972 |  65.9 |       5 |      13 |  72.2
     Lair:1 |    2790 |       0 |   0.0 |      11 |       0 |   0.0
      IceCv |       0 |    5304 | 100.0 |       0 |      20 | 100.0
            +---------+---------+-------+---------+---------+-------
